AoeStats
← LostBard

Hideout

509192232Analyzed
1v1 RM · 8d ago on Sep 25, 2026· 19m 18s· 2 players
Game mode
Random Map
Map size
Tiny (2 player)
Population
200
Speed
Normal
Resources
Standard
Victory
Conquest
Starting age
Dark Age
Ending age
Imperial Age
RankedLock teamsTeams togetherTeam positionsShared explorationLock speedFull tech treeHidden civsTurbo modeCheats
Victory
Defeat
🇺🇸 Inca · United States
807
+15
🇫🇷 Mongols · France
794
-15
Afuera! Afuera! Afuera!
16:47 Loom
LostBard
3:36 Loom
10:40 Feudal Age
11:36 Double-Bit Axe
13:44 Wheelbarrow
13:37 Champi Runner
14:51 Arson
16:12 Forging
16:03 Scale Mail Armor
Connection lost

Rejoining the realm…

Still unreachable

The connection could not be restored.

Session expired

The server has moved on; the page needs a fresh start.